 Dungeon Crawl Stone Soup version 0.29-a0-506-ga2e7fffb44 (webtiles) character file.

Game seed: 4059939848752338163

413 NateTC the Cudgeller (level 6, -1/40 HPs)
             Began as a Gargoyle Gladiator on May 28, 2022.
             Killed from afar by Ijyb (18 damage)
             ... with a bolt of acid
             ... on level 4 of the Dungeon.
             The game lasted 00:10:54 (4362 turns).

NateTC the Cudgeller (Gargoyle Gladiator)           Turns: 4362, Time: 00:10:55

Health: -1/40      AC: 17    Str: 20    XL:     6   Next: 90%
Magic:  2/2        EV: 23    Int:  8    God:
Gold:   188        SH:  0    Dex: 11    Spells: 5/5 levels left

rFire   + + .      SeeInvis .   a - +2 whip "Ifam" {antimagic, rF+ rN+}
rCold   . . .      Faith    .   (no shield)
rNeg    + + .      Spirit   .   s - +0 chain mail
rPois   ∞          Reflect  .   j - +1 helmet
rElec   +          Harm     .   y - +2 cloak
rCorr   .          Rampage  .   (no gloves)
Will    .....                   (no boots)
Stlth   ..........              k - amulet of the acrobat
HPRegen 0.13/turn               c - ring of protection from fire
MPRegen 0.08/turn               (no ring)

@: mighty, acrobatic
A: sickness immunity, AC +4, negative energy resistance 1, electricity
resistance, torment resistance 1, petrification resistance
a: no special abilities


You were on level 4 of the Dungeon.
You visited 1 branch of the dungeon, and saw 4 of its levels.
You also visited: Sewer.

You collected 188 gold pieces.

Inventory:

Hand Weapons
 a - the +2 whip "Ifam" (weapon) {antimagic, rF+ rN+}
   (You found it on level 3 of the Dungeon)

   It reduces the magical energy of the wielder, and disrupts the spells and
   magical abilities of those it strikes.
   Natural abilities and divine invocations are not affected.
   rF:        It protects you from fire.
   rN:        It protects you from negative energy.
Missiles
 d - 3 throwing nets (quivered)
 e - a javelin
Armour
 j - a +1 helmet (worn)
 s - a +0 chain mail (worn)
 y - a +2 cloak (worn)
Jewellery
 c - a ring of protection from fire (left hand)
 k - an amulet of the acrobat (around neck)
Scrolls
 i - 4 scrolls of teleportation
 t - a scroll of fog
 v - a scroll of summoning
Potions
 b - 2 potions of degeneration {unknown}
 f - 2 potions of haste
 g - a potion of heal wounds {unknown}
 h - 2 potions of mutation {unknown}
 l - a potion of cancellation {unknown}
 m - a potion of curing
 n - a potion of attraction {unknown}
 o - 3 potions of might
 q - a potion of ambrosia {unknown}
 r - 2 potions of flight
 u - a potion of lignification {unknown}
 w - a potion of brilliance {unknown}
 x - a potion of invisibility {unknown}


   Skills:
 - Level 5.0 Fighting
 * Level 6.2 Maces & Flails
 - Level 1.7 Throwing
 - Level 2.4 Dodging


You had 5 spell levels left.
You didn't know any spells.
Your spell library contained the following spells:

 Spells                   Type           Power      Damage    Failure   Level
 Confusing Touch          Hex            0%         N/A       100%        3
 Yara's Violent Unravell  Hex/Tmut       0%         3d3       100%        5
 Enfeeble                 Hex            0%         N/A       100%        7


Dungeon Overview and Level Annotations

Branches:
Dungeon (4/15)              Sewer (visited)
 Temple: D:4-7

Altars:

Annotations:
D:4 Ijyb


Innate Abilities, Weirdness & Mutations

You are immune to sickness and miasma.
Your stone body is resilient. (AC +4)
You are immune to poison.
You resist negative energy. (rN+)
You are resistant to electric shocks. (rElec)
You are resistant to unholy torment.
You are immune to petrification.


Message History

You hit Ijyb but do no damage. Ijyb hits you but does no damage.
A phantom comes into view.
You closely miss Ijyb. Your punch misses Ijyb.
Ijyb hits you but does no damage.
You hit Ijyb but do no damage.
The centaur unwields a +0 shortbow.
The centaur hits you but does no damage.
The centaur kicks you but does no damage.
You barely miss Ijyb. Ijyb barely misses you.
The centaur hits you but does no damage.
The centaur kicks you but does no damage.
Okay, then.
You hit Ijyb but do no damage. Ijyb hits you with a +0 dagger.
The centaur hits you but does no damage.
The centaur kicks you but does no damage.
You hit Ijyb.
Ijyb is lightly wounded.
The centaur hits you but does no damage.
The centaur kicks you. Ijyb completely misses you.
You feel very mighty all of a sudden. The centaur hits you.
The centaur barely misses you.
Ijyb zaps a wand.
The bolt of acid hits you!
* * * LOW HITPOINT WARNING * * *
The centaur hits you but does no damage.
The centaur kicks you but does no damage.
You hit Ijyb.
Ijyb is moderately wounded.
The centaur hits you but does no damage.
The centaur barely misses you.
Ijyb zaps a wand.
The bolt of acid misses you. The phantom hits you.
* * * LOW HITPOINT WARNING * * *
The phantom blinks!
You blink.
You feel better.
The centaur wields a +0 shortbow.
The centaur shoots an arrow.
The arrow hits you.
* * * LOW HITPOINT WARNING * * *
The phantom hits you but does no damage.
You feel better. The phantom closely misses you.
The phantom attacks as you move away! The phantom closely misses you.
The phantom attacks as you move away! The phantom barely misses you.
Ijyb zaps a wand.
The bolt of acid hits you!!
You die...

#.# #.# #.# #####.# #####
###.....## ##...
.........###.
..###...#### #.# #).....
#...........###.###.#.###
#..###..@##.#.....#.#.###
#.....W.###.#.##.<..#....
#..###..# #...##.#######.
#cg# ###.##....#....
#..#####.....#.#.###
#..........###.#....
#.........########
#...### #..........#
##### ##.#.......#


You could see a phantom, Ijyb and a centaur.

Vanquished Creatures
  2 bullfrogs (Sewer)
  Crazy Yiuf (D:3)
  A hound (D:3)
  Robin (D:2)
  9 adders
  A river rat (Sewer)
  A dart slug (D:2)
  2 orcs (D:3)
  19 ball pythons
  A bat (D:1)
  4 endoplasms
  4 giant cockroaches
  16 goblins
  8 hobgoblins
  7 jackals (D:1)
  7 quokkas
  8 frilled lizards
  6 kobolds
  28 rats
126 creatures vanquished.

Notes
Turn   | Place    | Note
-------+----------+-------------------------------------------
     0 | D:1      | NateTC the Gargoyle Gladiator began the quest for the Orb.
     0 | D:1      | Reached XP level 1. HP: 12/12 MP: 1/1
    72 | D:1      | Reached XP level 2. HP: 18/18 MP: 2/2
   642 | D:1      | Reached XP level 3. HP: 24/24 MP: 3/3
  1420 | D:2      | Noticed Robin
  1432 | D:2      | Reached XP level 4. HP: 22/30 MP: 4/4
  1855 | D:2      | Killed Robin
  1856 | D:2      | Reached skill level 5 in Fighting
  2350 | D:3      | Identified the +2 whip "Ifam" {antimagic, rF+ rN+}
  2559 | D:3      | Found a glowing drain.
  2580 | Sewer    | Entered a sewer
  2618 | Sewer    | Reached XP level 5. HP: 33/35 MP: 1/5
  2776 | Sewer    | Reached skill level 4 in Maces & Flails
  3234 | Sewer    | Reached skill level 5 in Maces & Flails
  3234 | Sewer    | Reached XP level 6. HP: 13/40 MP: 2/6
  3862 | D:3      | Reached skill level 6 in Maces & Flails
  3976 | D:3      | Found a runed translucent door.
  3977 | D:3      | Noticed Crazy Yiuf
  4093 | D:3      | Killed Crazy Yiuf
  4346 | D:4      | Noticed Ijyb
  4358 | D:4      | HP: 1/40 [phantom (2)]
  4362 | D:4      | Killed from afar by Ijyb

Illustrated notes

Levels and vault maps discovered:
D:1:      dpeg_arrival_morbid_curiosity, layout_loops_ring, chequers_arboretum
D:2:      layout_rooms, uniq_robin
D:3:      minmay_spotlight, layout_loops_ring, gup_sewer_entry_pipe,
          uniq_crazy_yiuf_cottage
D:4:      layout_loops_ring, nicolae_sif_muna_little_library,
          minmay_temple_entry_tees, gammafunk_ghost_cemetery, dk_noncrumbling_3,
          uniq_menkaure, uniq_ijyb

Skill      XL: |  1  2  3  4  5  6 |
---------------+-------------------+-----
Fighting       | 3 4 5 |  5.0
Maces & Flails | 5 6 |  6.2
Throwing       | |  1.7
Dodging        | |  2.4

Action                   |  1- 3 |  4- 6 || total
-------------------------+-------+-------++-------
Melee: Flail             |   129 |    97 ||   226
       Punch             |     1 |     2 ||     3
       Whip              |       |   242 ||   242
  Use: Scroll            |     3 |     7 ||    10
       Potion            |       |     5 ||     5
Armor: Leather armour    |    29 |       ||    29
       Scale mail        |    46 |    82 ||   128
       Chain mail        |       |   245 ||   245
Dodge: Dodged            |   106 |   293 ||   399

Table legend: (Time is in decaauts)
 A = Elapsed time spent in this place.
 B = Non-inter-level travel time spent in this place.
 C = Inter-level travel time spent in this place.
 D = Time resting spent in this place.
 E = Time spent auto-exploring this place.
 F = Levels seen in this place.
 G = Mean time per level.
                   A        B        C        D        E       F      G
               +--------+--------+--------+--------+--------+-----+--------+
         Total |   4418 |   4351 |     67 |   1275 |   1259 |   5 |  883.6 |
       Dungeon |   3455 |   3388 |     67 |    705 |   1259 |   4 |  863.8 |
         Sewer |    962 |    962 |      0 |    569 |      0 |   1 |  962.0 |
               +--------+--------+--------+--------+--------+-----+--------+

Top non-repeatable levels by time:
     D:1: 1609 daAuts
     D:3: 1128 daAuts
   Sewer: 962 daAuts
     D:2: 664 daAuts
     D:4: 52 daAuts
